 Dungeon Crawl Stone Soup version 0.27-a0-1591-gc56fcc985a (webtiles) character file.

Game seed: 7636519786280280094

154208 pokeman the Sorcerer (level 17, -27/88 HPs)
             Began as a Deep Elf Hedge Wizard on July 19, 2021.
             Was the Champion of Vehumet.
             Killed from afar by a merfolk aquamancer (49 damage)
             ... with a shard of ice
             ... on level 4 of the Shoals.
             The game lasted 01:39:58 (33486 turns).

pokeman the Sorcerer (Deep Elf Hedge Wizard)       Turns: 33486, Time: 01:39:59

Health: -27/88     AC: 14    Str:  7    XL:     17   Next: 6%
Magic:  39/64      EV: 11    Int: 30    God:    Vehumet [******]
Gold:   2514       SH:  5    Dex: 14    Spells: 12/62 levels left

rFire    . . .     SeeInvis .   v - staff of conjuration
rCold    . . .     Faith    .   U - +0 buckler
rNeg     . . .     Spirit   .   T - +0 acid dragon scales
rPois    .         Reflect  .   t - +2 helmet {Int+3}
rElec    .         Harm     .   G - +0 cloak {Will+}
rCorr    +         Rampage  .   B - +0 pair of gloves
Will     ++...                  a - +0 pair of boots
Stlth    ++........             z - amulet of magic regeneration
HPRegen  0.24/turn              b - ring of magical power
MPRegen  0.64/turn              D - ring of magical power

@: studying Long Blades
A: no striking features
a: Renounce Religion


You were on level 4 of the Shoals.
You worshipped Vehumet.
Vehumet was exalted by your worship.
You visited 5 branches of the dungeon, and saw 28 of its levels.
You also visited: Sewer, Bailey and Volcano.

You collected 2656 gold pieces.
You spent 142 gold pieces at shops.

Inventory:

Hand Weapons
 N - a +2 shortbow of freezing
Missiles
 r - a throwing net
 K - 608 arrows
Armour
 a - a +0 pair of boots (worn)
 t - a +2 helmet of intelligence (worn)
 B - a +0 pair of gloves (worn)
 G - a +0 cloak of willpower (worn)
 T - +0 acid dragon scales (worn)
 U - a +0 buckler (worn)
Magical Staves
 h - a staff of fire
 v - a staff of conjuration (weapon)
Jewellery
 b - a ring of magical power (left hand)
 c - a +4 ring of evasion
 e - a ring of ice
 j - an amulet of reflection
 k - a ring of ice
 m - a ring of ice
 z - an amulet of magic regeneration (around neck)
 D - a ring of magical power (right hand)
Wands
 g - a wand of polymorph (11)
 n - a wand of paralysis (7)
 u - a wand of iceblast (12)
 O - a wand of acid (5)
Scrolls
 d - 4 scrolls of blinking
 f - 2 scrolls of magic mapping
 l - 14 scrolls of teleportation
 s - a scroll of enchant armour
 M - 3 scrolls of holy word
 R - 5 scrolls of amnesia {unknown}
 W - 2 scrolls of acquirement {unknown}
Potions
 i - a potion of brilliance
 o - a potion of might
 p - 8 potions of heal wounds
 q - 16 potions of curing
 F - 6 potions of haste
 H - a potion of berserk rage {unknown}
 I - 9 potions of lignification {unknown}
 L - a potion of ambrosia {unknown}
Miscellaneous
 E - a lightning rod (4/4)


   Skills:
 - Level 4.0 Fighting
 - Level 5.1 Armour
 - Level 3.0 Dodging
 - Level 3.0 Stealth
 - Level 4.0 Shields
 * Level 23.2 Spellcasting
 + Level 14.9 Conjurations
 - Level 1.1 Summonings
 - Level 1.1 Translocations
 - Level 1.1 Transmutations
 + Level 14.5 Fire Magic
 - Level 1.0 Ice Magic
 - Level 1.0 Air Magic
 + Level 11.9 Earth Magic
 - Level 2.0 Poison Magic
 - Level 1.0 Evocations


You had 12 spell levels left.
You knew the following spells:

 Your Spells              Type           Power      Damage    Failure   Level
a - Magic Dart            Conj           100%       1d8       0%          1
b - Mephitic Cloud        Conj/Pois/Air  82%        N/A       1%          3
c - Call Imp              Summ           41%        N/A       1%          2
d - Blink                 Tloc           N/A        N/A       1%          2
e - Conjure Flame         Conj/Fire      100%       6-21      0%          3
f - Foxfire               Conj/Fire      100%       2x1d9     0%          1
g - Fireball              Conj/Fire      55%        3d21      1%          5
h - Starburst             Conj/Fire      55%        8x6d15    1%          6
i - Orb of Destruction    Conj           56%        9d16      1%          7
j - Passwall              Tmut/Erth      54%        N/A       1%          2
k - Swiftness             Air            41%        N/A       3%          3
l - Lehudib's Crystal Sp  Conj/Erth      53%        10d13     11%         8
m - Wereblood             Tmut           41%        N/A       1%          2
n - Freezing Cloud        Conj/Ice/Air   40%        6-21      1%          5

Your spell library contained the following spells:

 Spells                   Type           Power      Damage    Failure   Level
 Lightning Bolt           Conj/Air       44%        1d64      1%          5
 Stone Arrow              Conj/Erth      100%       3d13      0%          3
 Beastly Appendage        Tmut           82%        N/A       1%          1
 Corona                   Hex            37%        N/A       1%          1
 Freeze                   Ice            100%       1d11      1%          1
 Summon Small Mammal      Summ           100%       N/A       1%          1
 Corpse Rot               Necr/Air       N/A        N/A       1%          2
 Ensorcelled Hibernation  Hex/Ice        74%        N/A       1%          2
 Dazzling Flash           Conj/Hex       100%       N/A       1%          3
 Frozen Ramparts          Ice            80%        1d10      1%          3
 Inner Flame              Hex/Fire       68%        N/A       1%          3
 Animate Armour           Summ/Erth      100%       N/A       1%          4
 Fulminant Prism          Conj/Hex       43%        3d20      1%          4
 Hailstorm                Conj/Ice       89%        3d18      1%          4
 Iskenderun's Mystic Bla  Conj/Tloc      90%        2d18      1%          4
 Olgreb's Toxic Radiance  Pois           46%        N/A       1%          4
 Iskenderun's Battlesphe  Conj           100%       2d15      1%          5
 Lee's Rapid Deconstruct  Erth           41%        3d21*     1%          5
 Iron Shot                Conj/Erth      53%        9d10      1%          6
 Slow                     Hex            34%        N/A       2%          2
 Spider Form              Tmut/Pois      22%        N/A       2%          3
 Conjure Ball Lightning   Conj/Air       44%        3x3d15    2%          6
 Call Canine Familiar     Summ           41%        N/A       3%          3
 Gell's Gravitas          Tloc           20%        N/A       3%          3
 Lesser Beckoning         Tloc           20%        N/A       3%          3
 Portal Projectile        Hex/Tloc       76%        N/A       3%          3
 Summon Guardian Golem    Hex/Summ       38%        N/A       3%          3
 Teleport Other           Tloc           41%        N/A       3%          3
 Tukima's Dance           Hex            34%        N/A       4%          3
 Ignition                 Fire           44%        3d13      7%          8
 Passage of Golubria      Tloc           N/A        N/A       10%         4
 Summon Ice Beast         Ice/Summ       41%        N/A       10%         4
 Yara's Violent Unravell  Hex/Tmut       19%        3d9       10%         5
 Spellforged Servitor     Conj/Summ      45%        N/A       13%         7
 Cause Fear               Hex            17%        N/A       16%         4
 Dispel Undead            Necr           34%        3d15      16%         4
 Blade Hands              Tmut           20%        N/A       26%         5
 Silence                  Hex/Air        18%        N/A       34%         5
 Summon Mana Viper        Hex/Summ       38%        N/A       34%         5
 Agony                    Necr           34%        N/A       41%         5
 Excruciating Wounds      Necr           17%        N/A       41%         5
 Ozocubu's Refrigeration  Ice            20%        4d9       88%         7
 Death Channel            Necr           17%        N/A       94%         6
 Invisibility             Hex            17%        N/A       94%         6
 Monstrous Menagerie      Summ           20%        N/A       100%        7
 Discord                  Hex            17%        N/A       100%        8


Dungeon Overview and Level Annotations

Branches:
Dungeon (15/15)            Temple (1/1) D:5            Lair (6/6) D:10
 Shoals (4/4) Lair:2       Spider (0/4) Lair:2        Slime (0/5) Lair:5
    Orc (2/2) D:9             Elf (0/3) Orc:2        Vaults (0/5) D:14
 Depths (0/5) D:15          Sewer (visited)          Bailey (visited)
Volcano (visited)

Altars:
Ashenzari
Cheibriados
Dithmenos
Elyvilon
Fedhas
Gozag
Hepliaklqana
Kikubaaqudgha
Makhleb
Nemelex Xobeh
Okawaru
Qazlal
Ru
Sif Muna
Trog
Uskayaw
Vehumet
Wu Jian
Xom
Yredelemnul
Zin
The Shining One
Beogh
Jiyva
Lugonu

Shops:
D:8 (   D:10 (   D:13 [   Orc:2 ((=(   Shoals:3 (

Portals:
Abyss: Lair:6

Annotations:
Shoals:4 Ilsuiw


Message History

Press: ? - help, Shift-Dir - straight line, f/p - merfolk impaler
Aim: a merfolk impaler, wielding a +3 vorpal trident and wearing a +0 robe (severely wounded)
You feel a surge of power!
The fireball explodes!
The fireball engulfs the merfolk impaler!!!
You kill the merfolk impaler!
Vehumet accepts your kill.
Unknown command.
Casting: Fireball (safe; 1% risk of failure)
Confirm with . or Enter, or press ? or * to list all spells.
Aiming: Fireball (safe; 1% risk of failure)
Press: ? - help, Shift-Dir - straight line, f - merfolk aquamancer
Aim: a merfolk aquamancer, wielding a +2 vampiric rapier and wearing a +0 robe You feel a surge of power!
The fireball explodes!
The fireball engulfs the merfolk aquamancer!!
The merfolk aquamancer is heavily wounded.
The fireball engulfs the merfolk impaler!!
The merfolk impaler is moderately wounded.
Ilsuiw, Witch of the Tides comes into view.
She is wielding a +2 trident of freezing.
Unknown command.
Casting: Fireball (safe; 1% risk of failure)
Confirm with . or Enter, or press ? or * to list all spells.
Aiming: Fireball (safe; 1% risk of failure)
Press: ? - help, Shift-Dir - straight line, f/p - merfolk aquamancer
Aim: a merfolk aquamancer, wielding a +2 vampiric rapier and wearing a +0 robe (heavily wounded)
Okay, then.
Unknown command.
Casting: Fireball (safe; 1% risk of failure)
Confirm with . or Enter, or press ? or * to list all spells.
Okay, then.
Unknown command.
A sea snake comes into view.
The merfolk aquamancer gestures at you while chanting.
The ball of steam hits you!!!
* * * LOW HITPOINT WARNING * * *
Ilsuiw sings a haunting melody.
Ilsuiw gestures wildly while chanting.
The merfolk aquamancer points at you and mumbles some strange words.
The shard of ice hits you!!!
Ouch! That really hurt!
You die...

≈≈≈≈≈≈≈≈≈≈(###
###≈≈.....
#≈≈≈≈≈≈..≈##
##.....
#≈≈≈≈...≈# ....
##≈≈....## ..
#≈≈....##
#≈.)...§#
≈≈#≈.....##
#≈≈.m§m..###
≈#.S.mEm..@#
#..E...†...#
.......$.≈≈≈..
........≈≈≈≈....
........≈≈≈......
≈≈....≈≈≈≈.......
≈≈≈≈≈≈≈≈≈≈.......
≈≈≈≈≈≈≈≈≈.......


You could see Ilsuiw, 2 merfolk impalers, a sea snake, a merfolk aquamancer and
2 water elementals.

Vanquished Creatures
  Gastronok (D:8)
  Kirke (Lair:6)
  The ghost of DemonSlayer the Cleaver, a journeyman HuBe of Trog (Lair:6)
  A stone giant (D:15)
  Azrael (D:15)
  A fire dragon (Volcano)
  4 merfolk impalers
  9 hydras
  3 boulder beetles
  An ice dragon (D:14)
  3 vault guards (D:14)
  A merfolk avatar (Shoals:4)
  Erolcha (D:13)
  Harold (D:8)
  3 merfolk aquamancers
  4 centaur warriors
  Erica (D:8)
  5 ogre magi
  3 catoblepae (Lair:6)
  A death knight (D:13)
  26 two-headed ogres
  An alligator snapping turtle (Shoals:3)
  12 death yaks
  5 tengu warriors
  An orc high priest (Orc:2)
  A large abomination (Lair:6)
  Sonja (Lair:4)
  3 thrashing horrors (Lair:6)
  5 sun demons (Volcano)
  2 sea snakes
  A wizard (D:15)
  5 deep elf pyromancers
  10 harpies
  2 orc sorcerers (Orc:2)
  An orc knight (Bailey)
  3 fauns (Shoals:2)
  12 manticores
  14 ugly things
  7 cyclopes
  3 elephants
  5 merfolk sirens
  An elephant (shapeshifter) (Lair:6)
  A torpor snail (Lair:2)
  2 black mambas
  5 smoke demons
  2 gargoyles
  3 rime drakes
  9 cane toads
  A freezing wraith (D:14)
  8 komodo dragons
  An ancient zyme (Lair:6)
  4 tengu conjurers
  A kobold demonologist (D:11)
  4 jumping spiders (Lair:2)
  4 wind drakes
  A meliai (shapeshifter) (D:14)
  4 meliai
  3 trolls
  20 merfolk
  2 hornets
  The ghost of Demosthentine the Poker, an amateur MfGl (D:3)
  A queen bee (Lair:6)
  23 slime creatures
  10 dream sheep
  3 snapping turtles
  11 blink frogs
  2 redbacks (Lair:2)
  A spriggan (Lair:6)
  2 ynoxinuls (Lair:6)
  6 wraiths
  A centaur simulacrum (D:15)
  2 fire elementals (D:15)
  A wyvern (Lair:5)
  2 shadows
  70 yaks
  9 water elementals
  Eustachio (D:5)
  6 basilisks
  9 humans (D:14)
  A basilisk (shapeshifter) (D:14)
  3 hogs (Lair:6)
  5 steam dragons
  3 vampire mosquitoes (D:14)
  4 wargs
  2 hell hounds (D:15)
  Duvessa (D:5)
  3 acid dragons
  15 water moccasins
  25 orc warriors
  2 black bears
  An ice beast (D:6)
  25 ogres
  33 wolves
  12 small abominations (Lair:6)
  15 centaurs
  A phantom (D:6)
  6 kobold brigands
  7 bullfrogs
  A gnoll sergeant (D:10)
  3 scorpions
  A water moccasin zombie (D:6)
  Dowan (D:5)
  23 killer bees
  4 electric eels (D:7)
  8 howler monkeys
  3 centaur zombies
  5 hounds
  3 jellies
  7 orc priests
  Crazy Yiuf (D:5)
  Ijyb (D:4)
  A bullfrog skeleton (D:5)
  10 orc wizards
  A scorpion zombie (D:5)
  3 iguanas
  A killer bee zombie (D:6)
  2 hound skeletons (D:4)
  7 adders
  20 gnolls
  A worm (D:2)
  2 dart slugs
  84 orcs
  12 ball pythons
  7 bats
  6 endoplasms
  6 giant cockroaches (D:3)
  12 goblins
  3 hobgoblins (D:2)
  17 jackals
  2 quokkas (D:4)
  13 kobolds
  6 rats
844 creatures vanquished.

Vanquished Creatures (collateral kills)
  Grum (D:8)
  A killer bee (D:7)
  4 foxfires (D:10)
6 creatures vanquished.

Vanquished Creatures (others)
  A centaur (D:10)
  A killer bee (D:7)
  2 electric eels (D:7)
  A gnoll (D:5)
  232 foxfires
  24 fungi
  62 plants
323 creatures vanquished.

Grand Total: 1173 creatures vanquished

Notes
Turn   | Place    | Note
-------+----------+-------------------------------------------
     0 | D:1      | pokeman the Deep Elf Hedge Wizard began the quest for the
                  | Orb.
     0 | D:1      | Reached XP level 1. HP: 10/10 MP: 7/7
   489 | D:1      | Reached XP level 2. HP: 12/16 MP: 1/9
  1266 | D:2      | Reached skill level 5 in Spellcasting
  1355 | D:2      | Reached XP level 3. HP: 8/20 MP: 3/11
  1359 | D:2      | Learned a level 3 spell: Mephitic Cloud
  1362 | D:2      | Learned a level 2 spell: Call Imp
  1365 | D:2      | Learned a level 2 spell: Blink
  1369 | D:2      | Learned a level 3 spell: Conjure Flame
  2376 | D:2      | Reached skill level 1 in Fighting
  2376 | D:2      | Reached skill level 1 in Armour
  2599 | D:3      | Reached XP level 4. HP: 22/25 MP: 0/13
  2794 | D:3      | Found a glowing drain.
  2874 | Sewer    | Entered a sewer
  3195 | Sewer    | Noticed a kobold brigand
  3209 | Sewer    | Killed a kobold brigand
  3210 | Sewer    | Reached skill level 6 in Spellcasting
  3210 | Sewer    | Reached skill level 1 in Fire Magic
  3210 | Sewer    | Reached XP level 5. HP: 29/29 MP: 0/15
  3333 | Sewer    | Found a white marble altar of Elyvilon.
  3954 | D:3      | Reached skill level 1 in Air Magic
  3954 | D:3      | Reached XP level 6. HP: 28/34 MP: 4/17
  4344 | D:3      | Found a large runed translucent door.
  4344 | D:3      | Found a large runed translucent door.
  4345 | D:3      | Noticed Demosthentine's ghost (amateur MfGl)
  4443 | D:3      | Killed Demosthentine's ghost
  4444 | D:3      | Reached skill level 7 in Spellcasting
  4444 | D:3      | Reached skill level 1 in Poison Magic
  4501 | D:3      | Learned a level 5 spell: Fireball
  4566 | D:3      | Reached XP level 7. HP: 39/39 MP: 14/20
  4702 | D:3      | Reached skill level 8 in Spellcasting
  5664 | D:4      | Found a glowing golden altar of the Shining One.
  5713 | D:4      | Noticed Ijyb
  5725 | D:4      | Killed Ijyb
  5837 | D:4      | Learned a level 7 spell: Orb of Destruction
  6263 | D:4      | Found an ornate altar of the Wu Jian Council.
  6618 | D:5      | Entered Level 5 of the Dungeon
  6657 | D:5      | Reached XP level 8. HP: 44/44 MP: 18/22
  7054 | D:5      | Reached skill level 9 in Spellcasting
  7060 | D:5      | Reached skill level 1 in Evocations
  7226 | D:5      | Found a runed translucent door.
  7227 | D:5      | Noticed Crazy Yiuf
  7287 | D:5      | Found a staircase to the Ecumenical Temple.
  7335 | Temple   | Entered the Ecumenical Temple
  7342 | Temple   | Became a worshipper of Vehumet
  7454 | D:5      | Noticed Duvessa
  7455 | D:5      | Noticed Dowan
  7461 | D:5      | Killed Duvessa
  7539 | D:5      | Reached skill level 5 in Conjurations
  7554 | D:5      | Noticed Eustachio
  7557 | D:5      | Killed Dowan
  7578 | D:5      | Killed Eustachio
  7579 | D:5      | Reached skill level 10 in Spellcasting
  7876 | D:5      | Killed Crazy Yiuf
  8322 | D:6      | Found a shimmering blue altar of Sif Muna.
  8407 | D:6      | Reached XP level 9. HP: 48/48 MP: 25/25
  8581 | D:6      | Learned a level 6 spell: Starburst
  9371 | D:7      | Reached skill level 11 in Spellcasting
 10147 | D:7      | Reached skill level 5 in Fire Magic
 10163 | D:7      | Reached * piety under Vehumet
 10163 | D:7      | Offered knowledge of Sandblast by Vehumet.
 10166 | D:7      | Learned a level 1 spell: Foxfire
 10489 | D:7      | Noticed a two-headed ogre
 10556 | D:7      | Killed a two-headed ogre
 10557 | D:7      | Reached skill level 12 in Spellcasting
 11228 | D:8      | Found a glowing silver altar of Zin.
 11228 | D:8      | Found an opulent altar of Gozag.
 11256 | D:8      | Reached XP level 10. HP: 56/56 MP: 28/28
 11333 | D:8      | Noticed Grum
 11354 | D:8      | Noticed Gastronok
 11363 | D:8      | Killed Grum
 11391 | D:8      | Noticed Harold
 11635 | D:8      | Offered knowledge of Static Discharge by Vehumet.
 11697 | D:8      | Killed Gastronok
 11698 | D:8      | Reached skill level 13 in Spellcasting
 11842 | D:8      | Found a shimmering altar of Xom.
 11900 | D:8      | Killed Harold
 12055 | D:8      | Found Otsaim's Antique Weapon Emporium.
 12115 | D:8      | Reached ** piety under Vehumet
 12137 | D:8      | Learned a level 2 spell: Passwall
 12141 | D:8      | Learned a level 3 spell: Swiftness
 12506 | D:8      | Noticed Erica
 12523 | D:8      | Killed Erica
 12524 | D:8      | Reached skill level 14 in Spellcasting
 12879 | D:8      | Found a hazy altar of Hepliaklqana.
 12955 | D:9      | Reached XP level 11. HP: 61/61 MP: 31/31
 13263 | D:9      | Offered knowledge of Frozen Ramparts by Vehumet.
 13330 | D:9      | Found a staircase to the Orcish Mines.
 13530 | D:10     | Entered Level 10 of the Dungeon
 13583 | D:10     | Noticed a two-headed ogre
 13586 | D:10     | Killed a two-headed ogre
 13627 | D:10     | Reached *** piety under Vehumet
 13632 | D:10     | Reached skill level 5 in Armour
 13635 | D:10     | Reached skill level 15 in Spellcasting
 13803 | D:10     | Found a staircase to the Lair.
 13827 | D:10     | Offered knowledge of Hailstorm by Vehumet.
 13889 | D:10     | Noticed a two-headed ogre
 13896 | D:10     | Killed a two-headed ogre
 13897 | D:10     | Reached skill level 1 in Shields
 14368 | D:10     | Found Agup's Antique Weapon Boutique.
 15139 | D:11     | Found an iron altar of Okawaru.
 15184 | D:11     | Noticed a two-headed ogre
 15190 | D:11     | Killed a two-headed ogre
 15593 | D:12     | Reached XP level 12. HP: 56/66 MP: 33/33
 15597 | D:12     | Noticed a four-headed hydra
 15609 | D:12     | Killed a four-headed hydra
 15630 | D:12     | Reached skill level 16 in Spellcasting
 15686 | D:12     | Reached skill level 10 in Conjurations
 15956 | D:12     | Learned a level 8 spell: Lehudib's Crystal Spear
 16140 | D:12     | Noticed a two-headed ogre
 16150 | D:12     | Killed a two-headed ogre
 16151 | D:12     | Reached skill level 1 in Earth Magic
 16151 | D:12     | Reached **** piety under Vehumet
 16501 | D:12     | Found a stormy altar of Qazlal.
 16723 | D:13     | Noticed a boulder beetle
 16726 | D:13     | Found Otusej's Antique Armour Boutique.
 16739 | D:13     | Noticed Erolcha
 16777 | D:13     | Noticed a death knight
 16796 | D:13     | Noticed a centaur warrior
 16801 | D:13     | Offered knowledge of Bolt of Magma by Vehumet.
 16802 | D:13     | Killed a centaur warrior
 16806 | D:13     | Found a flagged portal.
 16817 | Bailey   | Entered a bailey
 17385 | Bailey   | Reached skill level 10 in Fire Magic
 17423 | Bailey   | Reached skill level 17 in Spellcasting
 17740 | D:13     | Killed a death knight
 17866 | D:13     | Killed Erolcha
 17964 | D:13     | Killed a boulder beetle
 17965 | D:13     | Reached XP level 13. HP: 70/70 MP: 36/36
 18021 | D:13     | Bought a runed helmet for 142 gold pieces
 18811 | D:14     | Reached skill level 5 in Earth Magic
 18958 | D:14     | Reached ***** piety under Vehumet
 18959 | D:14     | Reached skill level 18 in Spellcasting
 18961 | D:14     | Offered knowledge of Airstrike by Vehumet.
 19068 | D:14     | Learned a level 2 spell: Wereblood
 19484 | D:14     | Reached skill level 1 in Transmutations
 19888 | D:14     | Found a gate to the Vaults.
 20485 | D:15     | Entered Level 15 of the Dungeon
 20678 | D:15     | Reached XP level 14. HP: 6/76 MP: 30/38
 20683 | D:15     | Reached skill level 19 in Spellcasting
 21258 | D:15     | Noticed Azrael
 21284 | D:15     | Killed Azrael
 21466 | D:15     | Noticed a stone giant
 21841 | D:15     | Killed a stone giant
 22108 | D:15     | Found a staircase to the Depths.
 22362 | Lair:1   | Entered Level 1 of the Lair of Beasts
 23434 | Lair:2   | Offered knowledge of Eringya's Noxious Bog by Vehumet.
 23708 | Lair:2   | Found a staircase to the Shoals.
 23750 | Lair:2   | Found a hole to the Spider Nest.
 23754 | Lair:2   | Reached skill level 20 in Spellcasting
 25059 | Lair:4   | Reached XP level 15. HP: 80/80 MP: 15/41
 25179 | Lair:4   | Noticed Sonja
 25185 | Lair:4   | Killed Sonja
 25846 | Lair:4   | Offered knowledge of Freezing Cloud by Vehumet.
 25853 | Lair:4   | Learned a level 5 spell: Freezing Cloud
 25948 | Lair:5   | Found a dark tunnel.
 25957 | Volcano  | Entered a volcano
 25994 | Volcano  | Reached skill level 1 in Ice Magic
 26895 | Lair:5   | Found a viscous altar of Jiyva.
 26895 | Lair:5   | Found a staircase to the Slime Pits.
 27011 | Lair:6   | Entered Level 6 of the Lair of Beasts
 27174 | Lair:6   | Reached skill level 21 in Spellcasting
 27503 | Lair:6   | Reached skill level 10 in Earth Magic
 27835 | Lair:6   | Noticed Kirke
 27839 | Lair:6   | Killed Kirke
 27856 | Lair:6   | Reached ****** piety under Vehumet
 27944 | Lair:6   | Offered knowledge of Irradiate by Vehumet.
 28010 | Lair:6   | Found a corrupted altar of Lugonu.
 28012 | Lair:6   | Found a one-way gate to the infinite horrors of the Abyss.
 28363 | Lair:6   | Noticed DemonSlayer's ghost (journeyman HuBe)
 28376 | Lair:6   | Found a transporter.
 28381 | Lair:6   | Found a transporter.
 28578 | Lair:6   | Reached XP level 16. HP: 84/84 MP: 39/43
 28936 | Lair:6   | Killed DemonSlayer's ghost
 29450 | Orc:1    | Entered Level 1 of the Orcish Mines
 29713 | Orc:2    | Entered Level 2 of the Orcish Mines
 29957 | Orc:2    | Found a staircase to the Elven Halls.
 30085 | Orc:2    | Reached skill level 22 in Spellcasting
 30121 | Orc:2    | Offered knowledge of Lightning Bolt by Vehumet.
 30372 | Orc:2    | Found Costank's Weapon Shop.
 30372 | Orc:2    | Found Cajan's Jewellery Emporium.
 30373 | Orc:2    | Found Liotot's Weapon Emporium.
 30373 | Orc:2    | Found Eryim's Weapon Boutique.
 30969 | Shoals:1 | Entered Level 1 of the Shoals
 32735 | Shoals:3 | Reached skill level 23 in Spellcasting
 32935 | Shoals:3 | Found Ivonk's Weapon Emporium.
 33310 | Shoals:4 | Entered Level 4 of the Shoals
 33320 | Shoals:4 | Reached XP level 17. HP: 83/88 MP: 46/46
 33482 | Shoals:4 | Noticed Ilsuiw
 33486 | Shoals:4 | Killed from afar by a merfolk aquamancer

Illustrated notes

Levels and vault maps discovered:
D:1:      matt_arrival_refuge, layout_loops_ring
D:2:      layout_basic, kennysheep_cross_room, kennysheep_donut,
          chequers_serial_rivers_small_b
D:3:      lemuel_castle_with_subvaults [lemuel_castle_interior_carwin_2],
          layout_basic, portal_sewer_entry_f, ebering_ghost_disaster_area,
          minmay_pentomino_pile
D:4:      layout_cave_pods, mainiacjoe_overflow_chevrons,
          nzn_wu_jian_council_hall, corner_web_ring, amethyst_killhole,
          grunt_decor_resistance, chequers_hall_statues_wall_a,
          hangedman_abyss_or_decor_stagger, uniq_ijyb
D:5:      layout_basic, temple_pool_b, uniq_eustachio, uniq_crazy_yiuf_cottage,
          uniq_duvessa
D:6:      layout_basic, old_standard_altar, minivault_19
D:7:      cheibrodos_two_vegetables, layout_loops_corners
D:8:      layout_basic, nicolae_overflow_hidden_temple, serial_shops,
          shop_statue, minmay_fractal_squares_diagonal_5, uniq_harold,
          uniq_gastronok, uniq_erica, uniq_grum
D:9:      layout_big_octagon, david_orc_5
D:10:     layout_long_grid, david_lair_shrubbed, serial_shops,
          nicolae_shop_stone, small_statue_alley_a, minmay_fractal_squares_5
D:11:     layout_rooms, okawaru_ov_weapons_minmay
D:12:     layout_long_grid, grunt_qazlal_sundering
D:13:     layout_cave_pods, enter_bailey_5, serial_shops,
          nicolae_shop_overgrown_old_shop, uniq_erolcha
D:14:     layout_layer_cave, ximxim_vaults_locker_room, grunt_decor_arrowhead,
          kennysheep_two_boxes
D:15:     grunt_enter_depths_snipers, layout_gridville,
          wad_floor_pattern_untrapped, minmay_misc_feat_room,
          lightli_corner_chamber, uniq_azrael
Temple:   nicolae_temple_no_exploring_needed
Lair:1:   layout_chaotic_city, chequers_serial_rivers_micro_e
Lair:2:   layout_roguey, elwin_shoals_entry_rocks,
          nicolae_spider_entry_tight_spaces, lemuel_fruit_tree
Lair:3:   layout_misc_corridors
Lair:4:   layout_concentric_octagons, uniq_sonja
Lair:5:   layout_hall_layers, dpeg_slime_entry_enclosed_altar, enter_volcano_1
Lair:6:   hellmonk_lair_end_abyssal_woods, layout_regular_city,
          gammafunk_ghost_hive, nicolae_lair_yak_garden, grunt_megastairs_1,
          uniq_kirke
Shoals:1: layout_shoals
Shoals:2: layout_shoals
Shoals:3: layout_shoals, serial_shops, nicolae_shop_crystal
Shoals:4: shoals_end_grunt_ice, layout_shoals, shoals_ilsuiw_alternative,
          nicolae_shoals_wave_tunnel, uniq_polyphemus
Orc:1:    layout_diamond_mine
Orc:2:    st_orc_ogre_mass, layout_diamond_mine, basic_altar

Skill      XL: |  1  2  3  4  5  6  7  8  9 10 11 12 13 14 15 16 |
---------------+-------------------------------------------------+-----
Spellcasting   | 5 6 7 8 10 12 14 15 17 18 20 21 23 | 23.2
Fighting       | 1 2 3 4 |  4.0
Armour         | 1 3 4 5 |  5.1
Conjurations   | 2 3 4 5 7 8 9 10 11 12 13 14 | 14.9
Dodging        | 3 |  3.0
Fire Magic     | 1 2 4 6 7 9 10 11 12 13 14 | 14.5
Air Magic      | 1 |  1.0
Stealth        | 3 |  3.0
Poison Magic   | 1 2 |  2.0
Evocations     | 1 |  1.0
Shields        | 2 4 |  4.0
Earth Magic    | 4 6 8 10 11 | 11.9
Transmutations | 1 |  1.1
Ice Magic      | 1 |  1.0
Summonings     | |  1.1
Translocations | |  1.1

Action                   |  1- 3 |  4- 6 |  7- 9 | 10-12 | 13-15 | 16-18 || total
-------------------------+-------+-------+-------+-------+-------+-------++-------
Melee: Dagger            |     7 |       |       |       |       |       ||     7
       Morningstar       |       |    47 |    11 |       |       |       ||    58
       Whip              |       |       |    50 |    46 |       |       ||    96
       Staff             |       |       |       |       |    15 |       ||    15
 Cast: Magic Dart        |    80 |   105 |   282 |     5 |       |       ||   472
       Mephitic Cloud    |       |     4 |    40 |    26 |     5 |       ||    75
       Conjure Flame     |       |     2 |    22 |    20 |       |       ||    44
       Call Imp          |       |     2 |     8 |     5 |       |       ||    15
       Blink             |       |       |     6 |    11 |    15 |     6 ||    38
       Fireball          |       |       |     5 |   142 |   341 |   219 ||   707
       Foxfire           |       |       |       |   127 |     2 |     7 ||   136
       Orb of Destructio |       |       |       |     6 |    40 |     1 ||    47
       Swiftness         |       |       |       |     1 |     2 |       ||     3
       Starburst         |       |       |       |       |    21 |     5 ||    26
Evoke: Wand              |       |       |       |     2 |       |       ||     2
  Use: Potion            |       |       |     1 |       |       |       ||     1
       Scroll            |       |       |       |    11 |    15 |     1 ||    27
 Stab: Sleeping          |       |     1 |       |       |       |       ||     1
       Confused          |       |       |     5 |    10 |     1 |       ||    16
Armor: Robe              |     3 |    15 |     3 |       |       |       ||    21
       Leather armour    |       |       |    18 |    15 |       |       ||    33
       Acid dragon scale |       |       |       |    16 |    28 |     5 ||    49
Dodge: Dodged            |    14 |    62 |   102 |    71 |    40 |     8 ||   297
Block: Other             |     5 |    22 |    15 |       |       |       ||    42
       Reflection        |       |     2 |     2 |       |       |       ||     4
       Buckler           |       |       |       |       |    24 |     3 ||    27

Table legend: (Time is in decaauts)
 A = Elapsed time spent in this place.
 B = Non-inter-level travel time spent in this place.
 C = Inter-level travel time spent in this place.
 D = Time resting spent in this place.
 E = Time spent auto-exploring this place.
 F = Levels seen in this place.
 G = Mean time per level.
                   A        B        C        D        E       F      G
               +--------+--------+--------+--------+--------+-----+--------+
         Total |  33812 |  30985 |   2827 |   3529 |  22842 |  31 | 1090.7 |
       Dungeon |  21606 |  19404 |   2202 |   2354 |  14054 |  15 | 1440.4 |
        Temple |    141 |    125 |     16 |      0 |      0 |   1 |  141.0 |
          Lair |   6490 |   6047 |    443 |    393 |   4998 |   6 | 1081.7 |
        Shoals |   2679 |   2555 |    124 |    112 |   2145 |   4 |  669.8 |
  Orcish Mines |   1137 |   1096 |     41 |     90 |    815 |   2 |  568.5 |
         Sewer |    530 |    530 |      0 |    348 |    123 |   1 |  530.0 |
        Bailey |    875 |    875 |      0 |    185 |    520 |   1 |  875.0 |
       Volcano |    350 |    350 |      0 |     47 |    186 |   1 |  350.0 |
               +--------+--------+--------+--------+--------+-----+--------+

Top non-repeatable levels by time:
     D:3: 2562 daAuts
     D:7: 2515 daAuts
  Lair:6: 1861 daAuts
     D:8: 1814 daAuts
    D:14: 1677 daAuts
     D:2: 1599 daAuts
    D:15: 1416 daAuts
    D:13: 1353 daAuts
    D:10: 1275 daAuts
     D:4: 1239 daAuts
    D:12: 1231 daAuts
     D:5: 1230 daAuts
     D:6: 1223 daAuts
  Lair:2: 1145 daAuts
Shoals:2: 1046 daAuts
